 Dungeon Crawl Stone Soup version 0.26-a0-163-g6c8a0bf (webtiles) character file.

Game seed: 8198881846761748807

1477 Illumine the Chiller (level 8, -1/60 HPs)
             Began as a Merfolk Ice Elementalist on June 10, 2020.
             Was a Follower of Vehumet.
             Slain by an orc warrior
             ... wielding a +1 short sword of venom
              (15 damage)
             ... on level 7 of the Dungeon on July 2, 2020.
             The game lasted 00:12:54 (6133 turns).

Illumine the Chiller (Merfolk Ice Elementalist)     Turns: 6133, Time: 00:12:55

Health: -1/60      AC:  2    Str:  8    XL:     8   Next: 79%
Magic:  5/14       EV: 20    Int: 16    God:    Vehumet [*.....]
Gold:   331        SH:  0    Dex: 15    Spells: 3/15 levels left

rFire    . . .     SeeInvis .   a - +9 dagger of the Singing Pariah {vorpal, rPois MR+}
rCold    . . .     Faith    .   (no shield)
rNeg     . . .     Spirit   .   A - +0 robe
rPois    +         Reflect  .   (no helmet)
rElec    .         Harm     .   (no cloak)
rCorr    .                      (no gloves)
MR       +....                  (no boots)
Stlth    ++........             (no amulet)
HPRegen  0.20/turn              t - +4 ring of evasion
MPRegen  0.14/turn              (no ring)

@: lethally poisoned (-1 -> -3)
A: change form in water, swift swim, stealthy swim
a: Renounce Religion


You were on level 7 of the Dungeon.
You worshipped Vehumet.
Vehumet was aware of your devotion.
You were not hungry.

You visited 2 branches of the dungeon, and saw 8 of its levels.

You collected 331 gold pieces.

Inventory:

Hand Weapons
 a - the +9 dagger of the Singing Pariah (weapon) {vorpal, rPois MR+}
   (You found it on level 5 of the Dungeon)

   It inflicts extra damage upon your enemies.
   It protects you from poison.
   It affects your resistance to hostile enchantments.
 b - a +0 hunting sling
 d - a +0 short sword
 f - a +1 hand axe of freezing
 m - a +1 dagger of flaming
 p - a +0 short sword of electrocution
Missiles
 n - 260 stones (quivered)
 r - 9 poisoned darts
 E - 4 datura-tipped darts
Armour
 h - a +0 kite shield
 A - a +0 robe (worn)
Jewellery
 t - a +4 ring of evasion (left hand)
 w - an uncursed ring of resist corrosion {unknown}
 D - an uncursed ring of flight {unknown}
Scrolls
 e - 7 scrolls of remove curse {unknown}
 i - 11 scrolls of identify
 j - 2 scrolls of amnesia {unknown}
 s - 3 scrolls of magic mapping {unknown}
 x - 2 scrolls of enchant armour {unknown}
 y - a scroll of vulnerability {unknown}
 z - 2 scrolls of teleportation {unknown}
 C - 2 scrolls of immolation {unknown}
Potions
 g - 2 potions of degeneration {unknown}
 k - 3 potions of lignification {unknown}
 l - 2 potions of haste {unknown}
 o - a potion of magic {unknown}
 q - a potion of resistance {unknown}
 u - a potion of ambrosia {unknown}
 v - a potion of mutation {unknown}
 B - a potion of invisibility {unknown}
Comestibles
 c - 12 rations
 F - a chunk of flesh


   Skills:
 + Level 4.0 Fighting
 + Level 4.1 Short Blades
 + Level 6.3 Dodging
 - Level 3.1 Stealth
 + Level 4.4 Spellcasting
 + Level 2.3 Conjurations
 + Level 2.5 Summonings
 + Level 6.7 Ice Magic


You had 3 spell levels left.
You knew the following spells:

 Your Spells              Type           Power        Failure   Level  Hunger
a - Freeze                Ice            ####         1%          1    None
b - Frozen Ramparts       Ice            ####..       3%          3    ###....
c - Hailstorm             Conj/Ice       ###.....     26%         4    ####...
d - Summon Ice Beast      Ice/Summ       ###.....     24%         4    ####...

Your spell library contained the following spells:

 Spells                   Type           Power        Failure   Level  Hunger
 Sandblast                Erth           #.....       16%         1    None
 Ozocubu's Armour         Chrm/Ice       ##......     12%         3    ###....


Dungeon Overview and Level Annotations

Branches:
Dungeon (7/15)             Temple (1/1) D:4

Altars:
Ashenzari
Cheibriados
Dithmenos
Elyvilon
Fedhas
Gozag
Hepliaklqana
Kikubaaqudgha
Makhleb
Nemelex Xobeh
Okawaru
Qazlal
Ru
Sif Muna
Trog
Uskayaw
Vehumet
Wu Jian
Xom
Yredelemnul
Zin
The Shining One


Message History

Casting: Freeze (safe; 1% risk of failure)
Confirm with . or Enter, or press ? or * to list all spells.
The walls around you are covered in ice.
You feel sick.
The orc warrior throws a stone.
The stone misses you.
The orc warrior throws a stone.
The stone hits you!
* * * LOW HITPOINT WARNING * * *
You feel sick.
The orc warrior throws a stone.
The stone barely misses you.
You feel sick.
You start resting.
You feel sick.
The orc warrior is too close now for your liking.
Casting: Frozen Ramparts (dangerous; 3% risk of failure)
Confirm with . or Enter, or press ? or * to list all spells.
Aiming: Freeze (safe; 1% risk of failure)
Press: ? - help, Shift-Dir - straight line, f/p - orc warrior
Aim: an orc warrior, wielding a +1 short sword of venom, wearing a +0 plate armour and quivering 4 stones (heavily wounded)
You freeze the orc warrior.
The orc warrior is heavily wounded.
The frozen ramparts melt away.
The orc warrior hits you with a +1 short sword of venom!
You die...

.#... #..O... ..... ......#
.....###..... ..........#
.......)## .........# ##
........## #####..#.
......o.####.#.......##
.........##@...(# ..#
....(...####o.### ##..##
........).(...# #.... ###
........o.....# ##... ..##
..............## #..# ...#
...............###..# #...#
..........(....#....###.....
.
.................#...#.....>
..
.##..###........##..........


You could see an orc warrior.

Vanquished Creatures
  A hungry ghost (D:7)
  An orc warrior (D:7)
  An ice beast (D:6)
  A phantom (D:7)
  An ogre (D:7)
  A centaur (D:5)
  A bullfrog (D:7)
  3 scorpions
  3 crimson imps
  2 orc priests (D:7)
  2 hounds
  A bullfrog skeleton (D:7)
  3 iguanas (D:5)
  An orc wizard (D:7)
  2 centaur skeletons
  3 worker ants
  A hound skeleton (D:4)
  A worker ant zombie (D:6)
  4 gnolls (D:5)
  7 adders
  A shadow imp (D:7)
  2 oozes
  An adder zombie (D:5)
  An adder skeleton (D:6)
  4 worms
  3 leopard geckos
  5 orcs
  4 bats
  A giant cockroach (D:5)
  9 goblins
  6 hobgoblins
  8 jackals
  3 quokkas
  3 ball pythons (D:1)
  5 frilled lizards
  11 kobolds
  9 rats
116 creatures vanquished.

Notes
Turn   | Place    | Note
-------+----------+-------------------------------------------
     0 | D:1      | Illumine the Merfolk Ice Elementalist began the quest for
                  | the Orb.
     0 | D:1      | Reached XP level 1. HP: 13/13 MP: 3/3
   215 | D:1      | Reached XP level 2. HP: 19/19 MP: 1/5
   828 | D:2      | Reached XP level 3. HP: 20/24 MP: 2/6
  1512 | D:2      | Reached skill level 5 in Ice Magic
  1710 | D:2      | Noticed a scorpion
  1725 | D:2      | Killed a scorpion
  1725 | D:2      | Reached skill level 1 in Fighting
  1725 | D:2      | Reached XP level 4. HP: 4/32 MP: 4/8
  2299 | D:2      | Reached XP level 5. HP: 33/37 MP: 5/9
  2383 | D:3      | Learned a level 3 spell: Frozen Ramparts
  2451 | D:3      | Found a faded altar of an unknown god.
  2878 | D:4      | Reached skill level 1 in Short Blades
  3091 | D:4      | Reached XP level 6. HP: 44/44 MP: 9/11
  3317 | D:4      | Found a staircase to the Ecumenical Temple.
  3322 | Temple   | Entered the Ecumenical Temple
  3385 | Temple   | Became a worshipper of Vehumet
  3707 | D:4      | Learned a level 4 spell: Hailstorm
  3803 | D:5      | Entered Level 5 of the Dungeon
  3953 | D:5      | Got a jewelled dagger
  3954 | D:5      | Identified the +9 dagger of the Singing Pariah {vorpal,
                  | rPois MR+} (You found it on level 5 of the Dungeon)
  4151 | D:5      | Reached skill level 5 in Dodging
  4151 | D:5      | Reached XP level 7. HP: 35/51 MP: 8/12
  4539 | D:5      | Reached skill level 1 in Conjurations
  4616 | D:5      | Learned a level 4 spell: Summon Ice Beast
  4698 | D:5      | Found a sparkling altar of Nemelex Xobeh.
  4824 | D:6      | Reached * piety under Vehumet
  4824 | D:6      | Offered knowledge of Sandblast by Vehumet.
  5271 | D:6      | Upgraded the game from 0.26-a0-64-g059e62f to
                  | 0.26-a0-70-g31f1466
  5271 | D:6      | Upgraded the game from 0.26-a0-70-g31f1466 to
                  | 0.26-a0-163-g6c8a0bf
  5281 | D:6      | Reached skill level 1 in Summonings
  5592 | D:7      | Noticed a hungry ghost
  5606 | D:7      | Killed a hungry ghost
  5606 | D:7      | Reached XP level 8. HP: 55/58 MP: 8/14
  6133 | D:7      | Slain by an orc warrior

Illustrated notes

Levels and vault maps discovered:
D:1:      wander_arrival_abandoned_jail, layout_rooms
D:2:      layout_loops_ring, kennysheep_generic_room_8
D:3:      layout_rooms, chequers_ecumenical_altar_island
D:4:      layout_basic, temple_doors_e, first_ration
D:5:      layout_loops_ring, kennysheep_mini
D:6:      layout_basic, corexii_corridor_pit
D:7:      layout_cave_pools
Temple:   dpeg_three_leaves_temple

Skill      XL: |  1  2  3  4  5  6  7  8 |
---------------+-------------------------+-----
Dodging        | 3 4 5 6 |  6.3
Ice Magic      | 5 6 |  6.7
Fighting       | 1 2 3 4 |  4.0
Spellcasting   | 3 4 |  4.4
Short Blades   | 1 2 3 4 |  4.1
Conjurations   | 1 2 |  2.3
Stealth        | 3 |  3.1
Summonings     | 1 2 |  2.5

Action                   |  1- 3 |  4- 6 |  7- 9 || total
-------------------------+-------+-------+-------++-------
Melee: Hand axe          |    29 |       |       ||    29
       Short sword       |     1 |    33 |       ||    34
       Dagger            |       |     6 |    89 ||    95
 Fire: Hunting sling     |    11 |     4 |       ||    15
 Cast: Freeze            |    47 |    32 |    17 ||    96
       Frozen Ramparts   |       |     7 |    12 ||    19
       Summon Ice Beast  |       |       |     1 ||     1
  Use: Scroll            |       |     1 |       ||     1
 Stab: Sleeping          |     2 |     6 |     2 ||    10
  Eat: Chunk             |     3 |     8 |     2 ||    13
       Ration            |       |       |     2 ||     2
Armor: Robe              |     5 |     4 |     4 ||    13
Dodge: Dodged            |    45 |    52 |    78 ||   175

Table legend:
 A = Non-vault XP
 B = Vault XP
 C = Vault XP percentage of total XP
 D = Non-vault monster count
 E = Vault monster count
 F = Vault count percentage of total count
                 A         B        C        D         E       F
            +---------+---------+-------+---------+---------+-------
      Total |    2110 |       1 |   0.0 |     115 |       1 |   0.9
            +---------+---------+-------+---------+---------+-------
        D:1 |      27 |       0 |   0.0 |      21 |       0 |   0.0
        D:2 |     137 |       1 |   0.7 |      22 |       1 |   4.3
        D:3 |      23 |       0 |   0.0 |      12 |       0 |   0.0
        D:4 |     234 |       0 |   0.0 |      12 |       0 |   0.0
        D:5 |     388 |       0 |   0.0 |      16 |       0 |   0.0
        D:6 |     314 |       0 |   0.0 |       7 |       0 |   0.0
        D:7 |     987 |       0 |   0.0 |      25 |       0 |   0.0
            +---------+---------+-------+---------+---------+-------
